Map: Kairos Junction LE

Players

ScrubbleS

  • Race: Zerg Zerg
  • League: Master
  • Spawn Location: 11:00

Maplez - Winner!

  • Race: Protoss Protoss
  • League: Master
  • Spawn Location: 5:00

VOD

Have the link to the VOD?

Description

Time

  • Played on: March 13, 2019, 3:12 p.m.
  • Length: 8:42
Show
View Real Time Build Order
Export as new Build Order

ScrubbleS Zerg 

Build Orders: Hatch First 

Get SALT Encoding   

  12  0:00  Drone  
  13  0:12  Overlord  
  13  0:17  Drone  
  14  0:31  Drone  
  15  0:44  Drone  
  15  0:48  Hatchery  
  15  0:52  Drone  
  15  0:56  Drone  
  17  1:00  Drone  
  18  1:10  Extractor  
  17  1:15  Spawning Pool  
  16  1:19  Drone  
  16  1:22  Drone  
  18  1:28  Drone  
  19  1:40  Drone  
  20  1:50  Overlord  
  20  2:04  Queen x2  
  20  2:05  Zergling x4  
  26  2:16  Drone  
  26  2:17  Metabolic Boost, Drone  
  28  2:26  Drone  
  29  2:41  Hatchery  
  28  2:44  Drone x2  
  28  2:51  Queen  
  30  2:57  Overlord  
  32  3:04  Drone  
  32  3:05  Drone x2  
  35  3:17  Drone x5  
  40  3:27  Lair  
  40  3:35  Overlord x2  
  40  3:41  Extractor  
  39  3:42  Evolution Chamber  
  39  3:47  Spore Crawler  
  37  3:52  Overlord  
  37  3:54  Drone x3  
  40  4:00  Drone x3  
  43  4:06  Queen  
  43  4:07  Drone  
  46  4:12  Zerg Melee Weapons Level 1  
  46  4:23  Spore Crawler  
  43  4:24  Zergling x2  
  43  4:25  Zergling x12  
  50  4:33  Overlord  
  50  4:36  Zergling x2  
  50  4:37  Zergling x8  
  53  4:46  Nydus Network  
  53  4:50  Queen  
  54  4:53  Overseer  
  54  4:58  Queen  
  56  5:03  Zergling x6  
  58  5:16  Zergling x6  
  58  5:17  Zergling x8  
  60  5:26  Queen  
  61  5:32  Nydus Canal  
  61  5:34  Zergling x8  
  65  5:47  Nydus Canal  
  64  5:59  Zergling x2  
  65  6:05  Queen  
  65  6:06  Queen  
  61  6:15  Overlord, Zergling x8  
  61  6:16  Overlord  
  61  6:18  Overlord  
  65  6:22  Nydus Canal  
  54  6:39  Zergling x20  
  57  6:44  Zergling x2  
  57  6:48  Zergling x2  
  57  6:49  Zergling x4  
  58  7:00  Nydus Canal  
  56  7:01  Zergling x4  
  56  7:02  Zergling x2  
  56  7:04  Queen x2  
  56  7:05  Queen  
  61  7:18  Nydus Canal  
  58  7:24  Zergling x8  
  58  7:25  Zergling x10  
  54  7:34  Zergling x8  
  54  7:35  Drone  
  58  7:42  Drone  
  58  7:43  Drone  
  60  7:51  Zergling x6  
  63  8:02  Drone x3  
  63  8:05  Baneling Nest  
  64  8:12  Zergling x6  
  55  8:22  Zergling x2  
  55  8:23  Zergling x16  
Show
View Real Time Build Order
Export as new Build Order

Maplez Protoss - Winner!

Build Orders: 1 Gate Expand, Oracle Opening, Phoenix Opening, Zealot Archon, Archon Drop 

Get SALT Encoding   

  12  0:00  Probe  
  13  0:12  Probe  
  14  0:19  Pylon  
  14  0:24  Probe  
  15  0:33  Probe  
  15  0:39  Gateway  
  15  0:41  Probe  
  16  0:48  Assimilator  
  17  0:52  Probe  
  18  1:04  Probe  
  19  1:16  Probe  
  20  1:26  Nexus  
  20  1:30  Probe  
  21  1:39  Cybernetics Core  
  21  1:43  Probe  
  22  1:50  Assimilator  
  22  1:56  Pylon  
  22  1:57  Probe  
  23  2:06  Adept  
  23  2:14  Probe  
  24  2:17  Stargate  
  26  2:26  Probe  
  26  2:27  Warp Gate  
  27  2:34  Probe  
  27  2:35  Probe  
  27  2:36  Adept  
  29  2:42  Probe  
  29  2:43  Probe  
  33  2:52  Probe  
  33  2:53  Probe  
  33  2:55  Phoenix  
  35  3:04  Probe  
  38  3:05  Probe  
  38  3:08  Pylon  
  39  3:17  Probe  
  39  3:18  Probe, Oracle  
  39  3:19  Gateway  
  44  3:29  Probe  
  44  3:30  Probe  
  44  3:33  Assimilator  
  46  3:34  Assimilator  
  46  3:41  Probe  
  47  3:42  Robotics Facility  
  47  3:46  Probe  
  48  3:48  Pylon  
  48  3:53  Probe  
  48  3:55  Twilight Council  
  49  3:58  Probe  
  50  4:05  Probe  
  50  4:07  Gateway  
  51  4:10  Gateway  
  51  4:12  Probe  
  51  4:16  Charge  
  52  4:17  Pylon  
  52  4:19  Warp Prism  
  52  4:21  Probe  
  53  4:30  Probe  
  56  4:32  Templar Archives  
  56  4:46  Zealot  
  56  4:47  Zealot  
  60  4:57  Nexus  
  60  4:59  Pylon  
  60  5:03  Probe x2  
  62  5:16  Probe  
  62  5:18  Gateway  
  62  5:20  Gateway  
  62  5:21  High Templar x4  
  63  5:28  Archon x2  
  65  5:32  Pylon  
  65  5:37  Gateway  
  65  5:38  Gateway  
  65  5:42  Shield Battery  
  64  5:43  Pylon  
  64  5:54  Zealot x2  
  64  5:55  Zealot x2  
  59  6:12  Zealot  
  59  6:14  Zealot  
  59  6:18  Zealot x3  
  69  6:22  Immortal  
  69  6:23  Pylon  
  69  6:24  Shield Battery  
  69  6:25  Pylon, Shield Battery  
  69  6:27  Shield Battery  
  69  6:37  Pylon  
  63  6:41  Zealot x2  
  63  6:42  Zealot x2  
  69  6:50  Zealot x2  
  68  7:03  Immortal  
  68  7:05  High Templar x4  
  68  7:07  High Templar x2  
  80  7:09  Archon x2  
  80  7:11  Archon  
  84  7:25  Zealot  
  84  7:26  Zealot  
  82  7:37  Zealot  
  82  7:38  Zealot x2  
  82  7:41  Zealot x3  
  94  7:53  Pylon  
  92  8:14  Zealot x5  
  102  8:20  Pylon  
  98  8:34  Zealot  
  98  8:38  Gateway  
  98  8:39  Zealot x5  
Tags
 
Add a new tag
Caveats
  • Supply blocks, unpowered buildings, or Contaminate may cause inaccurate times.
  • Supply counts are checked every 10 seconds.